 Dungeon Crawl Stone Soup version 0.32-a0-516-g94ed278cf8 (webtiles) character file.

Game seed: 9880706705501339224

1428 BearFiend the Covert (level 8, -5/46 HPs)
             Began as a Vampire Enchanter on Feb 27, 2024.
             Was an Initiate of Yredelemnul.
             Slain by Maggie
             ... wielding a +3 morningstar of flaming
              (8 damage)
             ... on level 6 of the Dungeon.
             The game lasted 00:30:28 (5466 turns).

BearFiend the Covert (Vampire Enchanter)            Turns: 5466, Time: 00:30:28

Health: -5/46      AC:  2    Str:  7    XL:     8   Next: 44%
Magic:  7/14       EV: 12    Int: 17    God:    Yredelemnul [......]
Gold:   370        SH:  0    Dex: 17    Spells: 10/15 levels left

rFire   . . .        k - +0 dagger (venom)
rCold   + + .        (no shield)
rNeg    + + +        b - +0 robe
rPois   ∞            (no helmet)
rElec   .            (no cloak)
rCorr   .            (no gloves)
SInv    +            (no boots)
Will    .....        (no amulet)
Stlth   +++++++      u - ring of flight
HPRegen 0.00/turn    (no ring)
MPRegen 0.14/turn

%: no passive effects
@: flying, bloodless, inhibited regen, wreathed by umbra
A: bloodless, fangs 3, see invisible, vampiric 2
a: Bat Form, Revivify, Renounce Religion, Light the Black Torch, Recall Undead
Harvest


You were on level 6 of the Dungeon.
You worshipped Yredelemnul.
Yredelemnul was noncommittal.
You visited 2 branches of the dungeon, and saw 7 of its levels.

You collected 370 gold pieces.

Inventory:

Hand Weapons
 a - a +1 dagger
 k - a +0 dagger of venom (weapon)
 n - a +0 executioner's axe
 s - a +0 vampiric dagger
Missiles
 d - 14 poisoned darts
Armour
 b - a +0 robe (worn)
Jewellery
 u - a ring of flight (left hand)
Scrolls
 e - a scroll of enchant armour {unknown}
 l - 2 scrolls of enchant weapon {unknown}
 o - 3 scrolls of noise
 p - a scroll of vulnerability {unknown}
 q - a scroll of fog {unknown}
 r - a scroll of amnesia {unknown}
 t - a scroll of fear {unknown}
Potions
 c - a potion of attraction {unknown}
 f - 2 potions of heal wounds {unknown}
 g - a potion of degeneration {unknown}
 h - 6 potions of curing {@q1}
 i - a potion of enlightenment {unknown}
 j - a potion of mutation {unknown}
 m - 2 potions of berserk rage


   Skills:
 + Level 3.1 Fighting
 - Level 5.0 Short Blades
 - Level 2.1 Dodging
 + Level 10.3 Stealth
 - Level 4.0 Spellcasting
 - Level 8.0 Hexes
 - Level 1.0 Ice Magic


You had 10 spell levels left.
You knew the following spells:

 Your Spells              Type           Power      Damage    Failure   Level
e - Confusing Touch       Hex            30%        N/A       1%          3
w - Ensorcelled Hibernat  Hex/Ice        36%        N/A       3%          2

Your spell library contained the following spells:

 Spells                   Type           Power      Damage    Failure   Level
 Tukima's Dance           Hex            30%        N/A       1%          3
 Dazzling Flash           Conj/Hex       34%        N/A       9%          3
 Inner Flame              Hex/Fire       17%        N/A       9%          3
 Summon Ice Beast         Ice/Summ       5%         N/A       36%         3
 Martyr's Knell           Necr/Summ      3%         N/A       83%         4
 Irradiate                Conj/Alch      1%         3d12      99%         5
 Ignition                 Fire           1%         3d3       100%        8
 Dragon's Call            Summ           1%         N/A       100%        9


Dungeon Overview and Level Annotations

Branches:
Dungeon (6/15) Zot: 26657  Temple (1/1) D:6 Zot: 5835

Altars:
Ashenzari
Cheibriados
Dithmenos
Fedhas
Gozag
Kikubaaqudgha
Makhleb
Nemelex Xobeh
Qazlal
Ru
Sif Muna
Trog
Vehumet
Wu Jian
Yredelemnul

Shops:
D:5 :!

Annotations:
D:5 1 runed translucent door, hunmd's ghost, novice CoGl
D:6 Maggie


Innate Abilities, Weirdness & Mutations

You do not regenerate when monsters are visible.
You are frail without blood (-20% HP).
You can heal yourself when you bite living creatures.
You are immune to poison.
You have razor-sharp teeth.
You have supernaturally acute eyesight. (SInv)
You are afflicted with vampirism and can become a bat while bloodless.


Message History

Aim: Maggie, wielding a +3 morningstar of flaming, wearing +0 swamp dragon scales and carrying a wand of flame (mesmerising, ally target, umbra, chance to affect: 50%) Maggie looks drowsy...
You break out of your daze!
A nearby plant withers and dies. x2
The frilled lizard bites you but does no damage. x2
Your scorpion zombie hits Maggie!
Maggie shouts!
Aiming: Ensorcelled Hibernation (safe; 3% risk of failure)
Press: ? - help, Q - select action, (/) - cycle Shift-Dir - straight line, f/p - Maggie
Aim: Maggie, wielding a +3 morningstar of flaming, wearing +0 swamp dragon scales and carrying a wand of flame (lightly wounded, ally target, umbra, not susceptible)
Okay, then.
You barely miss Maggie.
Maggie is lightly wounded.
The frilled lizard bites you but does no damage.
Maggie closely misses you. The frilled lizard misses you.
Your scorpion zombie barely misses Maggie.
The frilled lizard bites you but does no damage.
You hit Maggie but do no damage. Your bite misses Maggie.
Maggie is lightly wounded.
The frilled lizard bites you.
Maggie hits you with a +3 morningstar of flaming!
Maggie burns you.
* * * LOW HITPOINT WARNING * * *
The frilled lizard barely misses you.
Your scorpion zombie barely misses Maggie.
The frilled lizard misses you.
You feel better.
Maggie hits you with a +3 morningstar of flaming!!
* * * LOW HITPOINT WARNING * * *
Maggie burns you.
* * * LOW HITPOINT WARNING * * *
The frilled lizard misses you. The frilled lizard barely misses you.
Your scorpion zombie hits Maggie but does no damage.
The frilled lizard attacks as it pursues you!
The frilled lizard closely misses you. Maggie misses you.
Your scorpion zombie hits Maggie but does no damage.
Maggie attacks as she pursues you!
Maggie hits you with a +3 morningstar of flaming!
You die...
You join the legions of the undead harvest.

P.P## #.......
#######....# #####...
##.....#P...#######.....
##......#....#.......#...
#...........P#..######...
#........P.###..# #...
#.....lll###....# ##..
#....l.ll.......# ##.
#......l@.......# ##
#.....Z@........#
##.............##
##.....#.....##
#############


You could see Maggie (ally target), an iguana, 6 frilled lizards and a friendly
scorpion zombie.

Vanquished Creatures
  Sigmund (D:3)
  A water moccasin (D:6)
  2 ice beasts
  A black bear (D:5)
  A centaur (D:6)
  An ogre (D:6)
  3 scorpions
  4 bombardier beetles
  4 orc priests
  A hound (D:5)
  A jelly (D:5)
  2 iguanas (D:5)
  An orc wizard (D:5)
  A gnoll (D:1)
  4 adders
  2 ufetubi (D:5)
  12 dart slugs
  A ribbon worm (D:1)
  4 orcs
  6 bats
  7 endoplasms
  2 giant cockroaches
  4 goblins
  7 hobgoblins
  7 jackals
  5 kobolds
  5 quokkas
  6 ball pythons
  A frilled lizard (D:3)
  9 rats
106 creatures vanquished.

Vanquished Creatures (others)
  A frilled lizard (D:6)
1 creature vanquished.

Grand Total: 107 creatures vanquished

Notes
Turn   | Place    | Note
-------+----------+-------------------------------------------
     0 | D:1      | BearFiend the Vampire Enchanter began the quest for the
                  | Orb.
     0 | D:1      | Reached XP level 1. HP: 13/13 MP: 3/3
   249 | D:1      | Reached XP level 2. HP: 9/19 MP: 5/5
   404 | D:1      | Learned a level 2 spell: Ensorcelled Hibernation
   577 | D:1      | Gained mutation: You are afflicted with vampirism and can
                  | become a bat while bloodless. [Vampire growth]
   577 | D:1      | Reached XP level 3. HP: 24/24 MP: 6/6
   619 | D:1      | Reached skill level 5 in Stealth
  1308 | D:2      | Found a shadowy altar of Dithmenos.
  1375 | D:2      | Reached skill level 6 in Stealth
  1815 | D:3      | Reached XP level 4. HP: 30/30 MP: 0/7
  1889 | D:3      | Reached skill level 7 in Stealth
  2136 | D:3      | Noticed Sigmund
  2214 | D:3      | Killed Sigmund
  2215 | D:3      | Reached skill level 8 in Stealth
  2215 | D:3      | Reached skill level 1 in Ice Magic
  2215 | D:3      | Reached XP level 5. HP: 31/31 MP: 8/8
  2215 | D:3      | Reached XP level 6. HP: 36/36 MP: 9/9
  2633 | D:4      | Reached skill level 5 in Hexes
  3054 | D:5      | Entered Level 5 of the Dungeon
  3103 | D:5      | Noticed hunmd's ghost (novice CoGl)
  3104 | D:5      | Found a runed translucent door.
  3133 | D:5      | Found Wisogog's Distillery.
  3841 | D:5      | Reached XP level 7. HP: 41/41 MP: 10/10
  4159 | D:5      | Found Giarghis's Book Emporium.
  4160 | D:5      | Got the Quarto of the Gang
  4670 | D:5      | Learned a level 3 spell: Confusing Touch
  4818 | D:5      | Found a bloodstained altar of Trog.
  4822 | D:5      | Found a burning altar of Makhleb.
  4827 | D:5      | Found a sacrificial altar of Ru.
  5055 | D:6      | Reached XP level 8. HP: 46/46 MP: 9/14
  5123 | D:6      | Reached skill level 5 in Short Blades
  5172 | D:6      | Reached skill level 9 in Stealth
  5236 | D:6      | Found a staircase to the Ecumenical Temple.
  5242 | D:6      | Reached skill level 10 in Stealth
  5252 | Temple   | Entered the Ecumenical Temple
  5284 | Temple   | Became a worshipper of Yredelemnul the Fallen
  5449 | D:6      | Noticed Maggie
  5466 | D:6      | Slain by Maggie

Illustrated notes

Levels and vault maps discovered:
D:1:      heliophobic_arrival_ceremonial_halls, layout_basic, minmay_hexomino_u4
D:2:      layout_basic, dreamdust_ecumenical_altar_hidden_monk_grotto,
          serial_corexii_hall, corexii_hall_statues_x, corexii_hall_statues_x,
          basic_altar
D:3:      layout_basic, uniq_sigmund
D:4:      layout_rooms, hex_intersection
D:5:      kennysheep_slugbush, layout_loops_corners,
          grunt_temple_overflow_diamond, hellmonk_ghost_happy_afterlife,
          serial_shops, shop, nicolae_take_the_stairs
D:6:      layout_rooms, general_overflow_altar, minmay_temple_entry_sparse_star,
          palyth_stone_intersect, minmay_lizard_king, uniq_maggie
Temple:   bh_familiar_temple

Skill      XL: |  1  2  3  4  5  6  7  8 |
---------------+-------------------------+-----
Short Blades   | 2 3 4 5 |  5.0
Stealth        | 6 8 10 | 10.3
Fighting       | 2 3 |  3.1
Ice Magic      | 1 |  1.0
Hexes          | 7 8 |  8.0
Spellcasting   | 4 |  4.0
Dodging        | |  2.1

Action                     |  1- 3 |  4- 6 |  7- 9 || total
---------------------------+-------+-------+-------++-------
  Melee: Dagger            |    99 |   108 |    68 ||   275
         Bite              |     8 |    15 |    10 ||    33
  Throw: Dart              |     6 |       |       ||     6
   Cast: Ensorcelled Hiber |    13 |     5 |    17 ||    35
         Confusing Touch   |       |       |     2 ||     2
 Invoke: Light the Black T |       |       |     1 ||     1
Ability: Exsanguinate      |       |     1 |       ||     1
    Use: Potion            |     1 |     1 |     1 ||     3
         Scroll            |       |       |     3 ||     3
   Stab: Sleeping          |    21 |    10 |    16 ||    47
         Invisible         |       |     2 |       ||     2
         Distracted        |       |       |     1 ||     1
 Armour: Robe              |    44 |    92 |    39 ||   175
  Dodge: Dodged            |    73 |    66 |    41 ||   180
         Repelled          |     3 |    16 |     2 ||    21

Table legend: (Time is in decaauts)
 A = Elapsed time spent in this place.
 B = Non-inter-level travel time spent in this place.
 C = Inter-level travel time spent in this place.
 D = Time resting spent in this place.
 E = Time spent auto-exploring this place.
 F = Levels seen in this place.
 G = Mean time per level.
                   A        B        C        D        E       F      G
               +--------+--------+--------+--------+--------+-----+--------+
         Total |   5467 |   5285 |    182 |    564 |   3505 |   7 |  781.0 |
       Dungeon |   5302 |   5177 |    125 |    464 |   3505 |   6 |  883.7 |
        Temple |    164 |    107 |     57 |    100 |      0 |   1 |  164.0 |
               +--------+--------+--------+--------+--------+-----+--------+

Top non-repeatable levels by time:
     D:5: 1614 daAuts
     D:1: 1029 daAuts
     D:4: 872 daAuts
     D:2: 765 daAuts
     D:3: 719 daAuts
     D:6: 303 daAuts
  Temple: 164 daAuts
